 Dungeon Crawl Stone Soup version 0.31-a0-625-gc9c7e45f3f (webtiles) character file.

Game seed: 16545400765021984282

62 AdnanSaban the Trooper (level 4, -6/29 HPs)
             Began as a Gargoyle Fighter on Aug 24, 2023.
             Killed by divine providence
             ... invoked by an orc priest
              (9 damage)
             ... on level 3 of the Dungeon.
             The game lasted 00:01:28 (1814 turns).

AdnanSaban the Trooper (Gargoyle Fighter)           Turns: 1814, Time: 00:01:29

Health: -6/29      AC: 11    Str: 22    XL:     4   Next: 8%
Magic:  4/4        EV:  9    Int:  8    God:
Gold:   51         SH:  4    Dex:  9    Spells: 3/3 levels left

rFire   . . .        k - +1 whip (vamp)
rCold   . . .        c - +0 buckler
rNeg    + . .        b - +0 scale mail
rPois   ∞            (no helmet)
rElec   +            (no cloak)
rCorr   .            (no gloves)
SInv    .            e - +0 pair of boots
Will    .....        (no amulet) Stlth
                     (no ring)
HPRegen 0.24/turn    (no ring)
MPRegen 0.09/turn

%: no passive effects
@: no status effects
A: sickness immunity, AC +3, negative energy resistance 1, electricity
resistance, torment resistance 1, petrification resistance
a: no special abilities


You were on level 3 of the Dungeon.
You visited 1 branch of the dungeon, and saw 3 of its levels.

You collected 51 gold pieces.

Inventory:

Hand Weapons
 k - a +1 vampiric whip (weapon)
Armour
 b - a +0 scale mail (worn)
 c - a +0 buckler (worn)
 e - a +0 pair of boots (worn)
Scrolls
 h - a scroll of identify {unknown}
 j - a scroll of teleportation {unknown}
Potions
 a - a potion of degeneration {unknown}
 d - a potion of might
 f - 2 potions of berserk rage {unknown}
 g - 2 potions of lignification {unknown}
 i - 2 potions of enlightenment {unknown}


   Skills:
 + Level 3.9 Fighting
 + Level 3.0 Maces & Flails
 + Level 3.8 Armour
 + Level 0.1 Dodging
 + Level 3.5 Shields


You had 3 spell levels left.
You didn't know any spells.
Your spell library was empty.

Dungeon Overview and Level Annotations

Branches:
Dungeon (3/15)

Altars:

Shops:
D:2 ::


Innate Abilities, Weirdness & Mutations

You are immune to sickness and miasma.
Your stone body is resilient. (AC +3)
You are immune to poison.
You resist negative energy. (rN+)
You are resistant to electric shocks. (rElec)
You are resistant to unholy torment.
You are immune to petrification.


Message History

The orc priest is moderately wounded.
You hear some strange, mumbled words.
You are more confused.
The orc priest hits you with a +0 flail.
* * * LOW HITPOINT WARNING * * *
You hit the orc priest.
You feel better.
The orc priest is heavily wounded.
Something hits you but does no damage.
The orc priest hits you but does no damage.
You bump into the rock wall.
You hear some strange, mumbled words.
A puff of flame appears from out of thin air!
The puff of flame hits you but does no damage.
The orc priest barely misses you.
You barely miss the orc priest.
The orc priest is heavily wounded.
Something hits you but does no damage. The orc priest closely misses you.
You closely miss the orc priest.
The orc priest is heavily wounded.
Something hits you but does no damage.
The orc priest hits you but does no damage.
You bump into the rock wall.
Something hits you but does no damage.
The orc priest hits you but does no damage.
You barely miss the orc priest.
The orc priest is heavily wounded.
Something hits you.
* * * LOW HITPOINT WARNING * * *
The orc priest misses you.
You bump into the rock wall.
An orc wizard appears from thin air!
Reactivating autopickup.
The orc wizard hits you but does no damage.
The orc priest hits you but does no damage.
You closely miss the orc wizard.
The orc wizard is moderately wounded.
You feel less confused.
The orc wizard hits you with a +0 dagger.
* * * LOW HITPOINT WARNING * * *
The orc priest mumbles some strange prayers to Beogh against you.
Beogh smites you!
You die...

#.....####.. #
#..#.......###.#
###..#....######.#
.##..#.##.........
†##........### #..
..##.###.#...# #.#
......##.###.# #.#
###..###.# #.#
#(###.### #........#.#
#@o......
#.#...#..#.###o###....
...............# #
#.##..#.##.##..#
#.......##..†..##
####..## ####...# #.
##).# # ..<# #.##


You could see an orc priest and an orc wizard.

Vanquished Creatures
  2 adders (D:2)
  2 dart slugs
  2 orcs (D:3)
  2 endoplasms
  3 giant cockroaches (D:1)
  3 goblins (D:1)
  A hobgoblin (D:3)
  2 quokkas
  5 ball pythons
  4 bats
  2 frilled lizards
  8 kobolds
  3 rats
39 creatures vanquished.

Notes
Turn   | Place    | Note
-------+----------+-------------------------------------------
     0 | D:1      | AdnanSaban the Gargoyle Fighter began the quest for the
                  | Orb.
     0 | D:1      | Reached XP level 1. HP: 14/14 MP: 1/1
   119 | D:1      | Reached XP level 2. HP: 15/19 MP: 2/2
   910 | D:2      | Found Viffemoc's Book Boutique.
  1168 | D:2      | Found Zeqegu's Book Emporium.
  1177 | D:2      | Reached XP level 3. HP: 24/24 MP: 3/3
  1767 | D:3      | Reached XP level 4. HP: 29/29 MP: 4/4
  1814 | D:3      | Killed from afar by an orc priest

Illustrated notes

Levels and vault maps discovered:
D:1:      wander_arrival_lonely_grave, layout_basic, amcnicky_mini_pool_small
D:2:      layout_basic, serial_shops, shop, nicolae_shop_tiny_statue_garden,
          minmay_cut_off
D:3:      layout_basic, st_stairs_12

Skill      XL: |  1  2  3 |
---------------+----------+-----
Maces & Flails | 3 |  3.0
Fighting       | |  3.9
Armour         | |  3.8
Dodging        | |  0.1
Shields        | |  3.5

Action                     |  1- 3 |  4- 6 || total
---------------------------+-------+-------++-------
  Melee: Flail             |    87 |       ||    87
         Whip              |    43 |    30 ||    73
 Armour: Scale mail        |    96 |    28 ||   124
  Dodge: Dodged            |    60 |    12 ||    72
  Block: Buckler           |    33 |     5 ||    38

Table legend: (Time is in decaauts)
 A = Elapsed time spent in this place.
 B = Non-inter-level travel time spent in this place.
 C = Inter-level travel time spent in this place.
 D = Time resting spent in this place.
 E = Time spent auto-exploring this place.
 F = Levels seen in this place.
 G = Mean time per level.
                   A        B        C        D        E       F      G
               +--------+--------+--------+--------+--------+-----+--------+
         Total |   1840 |   1788 |     52 |      0 |   1444 |   3 |  613.3 |
       Dungeon |   1840 |   1788 |     52 |      0 |   1444 |   3 |  613.3 |
               +--------+--------+--------+--------+--------+-----+--------+

Top non-repeatable levels by time:
     D:1: 878 daAuts
     D:2: 769 daAuts
     D:3: 192 daAuts
